 Dungeon Crawl Stone Soup version 0.28-a0-1616-g050a50673c (webtiles) character file.

Game seed: 4728801629414234557

243 rogsnak the Digger (level 5, -1/40 HPs)
             Began as a Draconian Earth Elementalist on Jan 22, 2022.
             Slain by Duvessa (10 damage)
             ... on level 4 of the Dungeon.
             The game lasted 00:07:16 (3880 turns).

rogsnak the Digger (Draconian Earth Elementalist)   Turns: 3880, Time: 00:07:17

Health: -1/40      AC:  6    Str: 10    XL:     5   Next: 82%
Magic:  1/9        EV: 12    Int: 18    God:
Gold:   127        SH:  0    Dex: 11    Spells: 6/10 levels left

rFire   . . .      SeeInvis .   p - +1 short sword (drain)
rCold   . . .      Faith    .   (no shield)
rNeg    . . .      Spirit   .   (armour unavailable)
rPois   .          Reflect  .   (helmet restricted)
rElec   .          Harm     .   (no cloak)
rCorr   .          Rampage  .   f - +0 pair of gloves
Will    .....                   (no boots)
Stlth   ++........              (no amulet)
HPRegen 0.13/turn               (no ring)
MPRegen 0.11/turn               (no ring)

@: lethally poisoned (-1 -> -19)
A: AC +5, unfitting armour, cold-blooded
a: no special abilities


You were on level 4 of the Dungeon.
You visited 1 branch of the dungeon, and saw 4 of its levels.

You collected 127 gold pieces.

Inventory:

Hand Weapons
 a - a +0 quarterstaff
 o - a +0 trident
 p - a +1 short sword of draining (weapon)
Missiles
 b - 121 stones
Armour
 c - a +0 buckler
 f - a +0 pair of gloves (worn)
Jewellery
 s - an amulet of faith
Wands
 n - a wand of flame (27)
Scrolls
 d - a scroll of immolation {unknown}
 e - 5 scrolls of identify {unknown}
 g - 3 scrolls of vulnerability {unknown}
 j - a scroll of silence {unknown}
 k - 2 scrolls of enchant weapon {unknown}
 q - a scroll of torment {unknown}
 r - a scroll of magic mapping {unknown}
Potions
 h - a potion of mutation {unknown}
 i - a potion of brilliance {unknown}
 l - 2 potions of curing {unknown}
 m - 2 potions of attraction {unknown}


   Skills:
 + Level 1.6 Fighting
 + Level 3.1 Dodging
 - Level 1.7 Stealth
 + Level 3.3 Spellcasting
 * Level 1.2 Conjurations
 - Level 1.0 Transmutations
 + Level 4.5 Earth Magic


You had 6 spell levels left.
You knew the following spells:

 Your Spells              Type           Power      Damage    Failure   Level
a - Sandblast             Erth           38%        2d10      2%          1
b - Stone Arrow           Conj/Erth      26%        3d8       14%         3

Your spell library contained the following spells:

 Spells                   Type           Power      Damage    Failure   Level
 Passwall                 Tmut/Erth      10%        N/A       8%          2
 Gell's Gravitas          Tloc           2%         N/A       43%         3
 Lesser Beckoning         Tloc           2%         N/A       43%         3
 Teleport Other           Tloc           2%         N/A       43%         3
 Petrify                  Tmut/Erth      12%        N/A       45%         4


Dungeon Overview and Level Annotations

Branches:
Dungeon (4/15)
 Temple: D:4-7

Altars:
Elyvilon

Shops:
D:2 =

Annotations:
D:3 Sigmund
D:4 Dowan, Duvessa


Innate Abilities, Weirdness & Mutations

Your plain brown scales are hard. (AC +5)
You cannot fit into any form of body armour.
You are cold-blooded and may be slowed by cold attacks.


Message History

Aiming: Sandblast (safe; 2% risk of failure)
Press: ? - help, Shift-Dir - straight line, f/p - Duvessa
Aim: Duvessa, wielding a +0 short sword of venom and wearing a +0 scale mail (severely wounded, 85% to hit)
The blast of sand hits Duvessa but does no damage.
Duvessa is severely wounded.
Casting: Sandblast (safe; 2% risk of failure)
Confirm with . or Enter, or press ? or * to list all spells.
Aiming: Sandblast (safe; 2% risk of failure)
Press: ? - help, Shift-Dir - straight line, f/p - Duvessa
Aim: Duvessa, wielding a +0 short sword of venom and wearing a +0 scale mail (severely wounded, 85% to hit)
The blast of sand hits Duvessa but does no damage.
Duvessa is severely wounded.
Duvessa hits you with a +0 short sword of venom.
Casting: Sandblast (safe; 2% risk of failure)
Confirm with . or Enter, or press ? or * to list all spells.
Aiming: Sandblast (safe; 2% risk of failure)
Press: ? - help, Shift-Dir - straight line, f/p - Duvessa
Aim: Duvessa, wielding a +0 short sword of venom and wearing a +0 scale mail (severely wounded, 85% to hit)
The blast of sand hits Duvessa but does no damage.
Duvessa is severely wounded.
Duvessa hits you with a +0 short sword of venom!
You barely miss Duvessa.
Your tail-slap misses Duvessa.
Duvessa is severely wounded.
Duvessa hits you with a +0 short sword of venom.
You are poisoned.
You hit Duvessa but do no damage.
Duvessa is severely wounded.
You feel sick. Duvessa hits you but does no damage.
You are more poisoned.
You closely miss Duvessa.
Your tail-slap misses Duvessa.
Duvessa is severely wounded.
You feel very sick.
Duvessa hits you with a +0 short sword of venom.
You are lethally poisoned!
You closely miss Duvessa.
Duvessa is severely wounded.
* * * LOW HITPOINT WARNING * * *
You feel very sick.
Duvessa hits you with a +0 short sword of venom!
You die...

#.#
#.#
#.#
#.#
#.#
#.#
#.#
#e####
#.@..#
#.##.#
#.##<#
######


You could see Duvessa.

Vanquished Creatures
  A bullfrog (D:4)
  A hound (D:4)
  An iguana (D:4)
  5 adders
  A worm (D:3)
  3 dart slugs
  4 orcs
  9 ball pythons
  5 endoplasms
  A giant cockroach (D:1)
  7 goblins
  9 hobgoblins
  4 quokkas
  3 bats
  4 frilled lizards
  4 kobolds
  5 rats
67 creatures vanquished.

Notes
Turn   | Place    | Note
-------+----------+-------------------------------------------
     0 | D:1      | rogsnak the Draconian Earth Elementalist began the quest
                  | for the Orb.
     0 | D:1      | Reached XP level 1. HP: 14/14 MP: 3/3
   230 | D:1      | Found a faded altar of an unknown god.
   501 | D:1      | Reached XP level 2. HP: 20/20 MP: 5/5
  1533 | D:2      | Found a white marble altar of Elyvilon.
  1584 | D:2      | Reached XP level 3. HP: 16/27 MP: 6/6
  2070 | D:2      | Found Aqyvyba's Jewellery Boutique.
  2377 | D:2      | Learned a level 3 spell: Stone Arrow
  2454 | D:2      | Reached skill level 1 in Fighting
  2589 | D:2      | Reached XP level 4. HP: 35/35 MP: 4/7
  2775 | D:2      | Reached skill level 4 in Earth Magic
  2917 | D:3      | Upgraded the game from 0.28-a0-1613-gdaab1c2f9b to
                  | 0.28-a0-1616-g050a50673c
  3183 | D:3      | Noticed Sigmund
  3486 | D:4      | Reached XP level 5. HP: 24/40 MP: 3/9
  3627 | D:4      | Reached skill level 1 in Conjurations
  3819 | D:4      | Noticed Duvessa
  3819 | D:4      | Noticed Dowan
  3880 | D:4      | Slain by Duvessa

Illustrated notes

Levels and vault maps discovered:
D:1:      saegor_arrival_simple_c, layout_loops_ring,
          nicolae_ecumenical_snake_handling, roderic_malta_cross
D:2:      layout_basic, serial_shops, nicolae_shop_statue_plus, basic_altar,
          patterned_corridor
D:3:      layout_rooms, serial_park_tiny_pond, uniq_sigmund
D:4:      layout_basic, led_sif_book, kennysheep_small_square, uniq_grinder,
          uniq_duvessa

Skill      XL: |  1  2  3  4  5 |
---------------+----------------+-----
Dodging        | 2 3 |  3.1
Fighting       | 1 |  1.6
Earth Magic    | 4 |  4.5
Spellcasting   | 3 |  3.3
Conjurations   | 1 |  1.2
Stealth        | |  1.7
Transmutations | |  1.0

Action                   |  1- 3 |  4- 6 || total
-------------------------+-------+-------++-------
Melee: Quarterstaff      |   105 |    14 ||   119
       Tailslap          |    13 |     8 ||    21
       Short sword       |       |    46 ||    46
 Cast: Sandblast         |    19 |    12 ||    31
       Stone Arrow       |       |     2 ||     2
 Stab: Sleeping          |     3 |     1 ||     4
Armor: Skin              |    38 |    19 ||    57
Dodge: Dodged            |    91 |    30 ||   121

Table legend: (Time is in decaauts)
 A = Elapsed time spent in this place.
 B = Non-inter-level travel time spent in this place.
 C = Inter-level travel time spent in this place.
 D = Time resting spent in this place.
 E = Time spent auto-exploring this place.
 F = Levels seen in this place.
 G = Mean time per level.
                   A        B        C        D        E       F      G
               +--------+--------+--------+--------+--------+-----+--------+
         Total |   3926 |   3890 |     36 |   1036 |   1724 |   4 |  981.5 |
       Dungeon |   3926 |   3890 |     36 |   1036 |   1724 |   4 |  981.5 |
               +--------+--------+--------+--------+--------+-----+--------+

Top non-repeatable levels by time:
     D:1: 1522 daAuts
     D:2: 1392 daAuts
     D:3: 593 daAuts
     D:4: 417 daAuts
